Map: Acid Plant LE

Players

PengWin

  • Race: Zerg Zerg
  • Spawn Location: 11:00

Rhizer - Winner!

  • Race: Protoss Protoss
  • Spawn Location: 5:00

Event: WCS Montreal 2018

VOD

Have the link to the VOD?

Description

Time

  • Played on: Sept. 7, 2018, 12:29 p.m.
  • Length: 8:45

All games in this series

Show
View Real Time Build Order
Export as new Build Order

PengWin Zerg 

Build Orders: Hatch First 

Get SALT Encoding   

  12  0:00  Drone  
  13  0:12  Overlord  
  13  0:16  Drone  
  14  0:31  Drone x2  
  14  0:34  Drone  
  17  0:51  Hatchery  
  17  0:54  Drone  
  17  0:58  Drone  
  17  1:02  Extractor  
  17  1:14  Spawning Pool  
  17  1:18  Drone  
  17  1:20  Drone  
  18  1:28  Drone  
  19  1:38  Overlord  
  19  1:49  Drone  
  20  2:00  Hatchery  
  19  2:03  Metabolic Boost  
  19  2:11  Queen  
  21  2:17  Zergling x2  
  21  2:18  Zergling x2  
  21  2:21  Zergling x2  
  24  2:23  Zergling x2  
  25  2:30  Queen  
  27  2:42  Zergling x8  
  31  2:52  Zergling x2  
  31  2:53  Zergling x2  
  33  3:04  Zergling x4  
  35  3:06  Overlord  
  33  3:21  Drone x6  
  36  3:32  Drone  
  37  3:37  Drone x2  
  38  3:42  Drone x3  
  39  3:49  Drone  
  39  3:50  Drone  
  39  3:53  Drone  
  41  3:55  Queen  
  41  4:02  Queen  
  43  4:08  Spore Crawler  
  43  4:09  Drone x2  
  44  4:11  Drone  
  45  4:21  Drone x3  
  47  4:26  Drone  
  47  4:29  Spore Crawler  
  47  4:36  Spore Crawler  
  47  4:37  Lair  
  46  4:40  Extractor  
  46  4:41  Extractor  
  44  4:57  Drone x3  
  44  4:58  Drone  
  48  5:02  Baneling Nest  
  48  5:06  Drone x2  
  49  5:08  Overlord x2  
  49  5:09  Overlord  
  49  5:25  Pneumatized Carapace  
  49  5:28  Drone x4  
  51  5:29  Drone x2  
  51  5:30  Zergling x6  
  58  5:47  Extractor  
  57  5:50  Overseer  
  57  5:52  Zergling x2  
  57  5:53  Zergling x22  
  68  6:15  Drone x2  
  68  6:16  Drone  
  68  6:18  Spire  
  70  6:19  Drone  
  70  6:20  Extractor, Drone x3  
  70  6:21  Extractor  
  70  6:39  Drone x2  
  68  6:40  Drone  
  68  6:42  Drone x2  
  70  6:53  Drone x3  
  72  7:11  Overlord  
  72  7:12  Overlord x3  
  72  7:15  Overseer x2  
  72  7:38  Mutalisk x4  
  72  7:39  Mutalisk x7  
  94  7:47  Drone x10  
  100  8:03  Overlord x3  
  94  8:09  Mutalisk x2  
  94  8:11  Mutalisk  
  96  8:14  Overlord x2  
Show
View Real Time Build Order
Export as new Build Order

Rhizer Protoss - Winner!

Build Orders: 1 Gate Expand, Zealot Archon, Dark Templar Rush 

Get SALT Encoding   

  12  0:00  Probe  
  13  0:12  Probe  
  14  0:20  Pylon  
  14  0:24  Probe  
  15  0:34  Probe  
  15  0:39  Gateway  
  15  0:42  Probe  
  16  0:47  Assimilator  
  17  0:52  Probe  
  18  1:04  Probe  
  19  1:16  Probe  
  20  1:24  Nexus  
  20  1:34  Cybernetics Core  
  20  1:38  Probe  
  21  1:43  Assimilator  
  21  1:50  Probe  
  21  1:53  Pylon  
  22  2:01  Probe  
  22  2:02  Adept  
  23  2:09  Probe  
  26  2:17  Probe  
  26  2:22  Twilight Council  
  27  2:28  Stalker  
  27  2:29  Probe  
  30  2:37  Probe  
  30  2:41  Probe  
  32  2:49  Probe  
  33  2:53  Probe  
  34  2:59  Robotics Facility  
  34  3:01  Probe x2  
  34  3:03  Adept  
  38  3:14  Probe  
  38  3:17  Shield Battery, Probe  
  40  3:23  Sentry  
  40  3:26  Shield Battery  
  40  3:29  Shield Battery  
  40  3:34  Pylon  
  40  3:38  Gateway  
  40  3:43  Adept  
  40  3:44  Cybernetics Core  
  42  3:55  Dark Shrine  
  42  3:59  Cybernetics Core  
  42  4:05  Warp Gate  
  42  4:06  Probe  
  43  4:11  Assimilator, Probe  
  43  4:12  Assimilator  
  43  4:13  Pylon  
  44  4:18  Probe  
  44  4:23  Probe  
  44  4:25  Robotics Facility  
  44  4:30  Probe  
  45  4:35  Probe  
  46  4:39  Gateway  
  46  4:42  Probe  
  46  4:43  Gateway, Sentry  
  49  4:47  Probe  
  49  4:51  Pylon  
  50  4:54  Probe  
  50  4:56  Pylon  
  50  4:59  Probe  
  52  5:01  Warp Prism  
  52  5:02  Charge  
  52  5:06  Probe  
  53  5:11  Probe  
  56  5:18  Dark Templar x2  
  59  5:33  Gateway  
  59  5:34  Gateway  
  59  5:35  Probe  
  60  5:50  Observer  
  60  5:53  Pylon  
  61  6:01  Immortal  
  59  6:10  Dark Templar  
  62  6:26  Dark Templar  
  62  6:27  Dark Templar x2  
  62  6:31  Dark Templar  
  62  6:32  Immortal  
  70  6:38  Probe  
  69  6:49  Gateway x2  
  69  6:54  Nexus  
  69  6:55  Dark Templar x3  
  69  6:59  Dark Templar x3  
  69  7:00  Dark Templar, Zealot x2  
  81  7:03  Pylon  
  81  7:08  Observer  
  82  7:19  Pylon  
  82  7:21  Pylon  
  82  7:27  Dark Templar  
  84  7:30  Adept  
  84  7:33  Dark Templar, Zealot  
  84  7:34  Zealot x2  
  94  7:38  Archon x3  
  94  7:39  Archon x2  
  94  7:45  Probe  
  94  7:46  Probe  
  96  7:56  Dark Templar x2, Zealot  
  96  7:57  Zealot x3  
  108  8:01  Zealot  
  110  8:08  Stalker  
  112  8:19  Shield Battery x2  
  112  8:20  Stalker x3  
  112  8:24  Zealot x2  
  117  8:37  Pylon  
  117  8:39  Pylon  
Tags
 
Add a new tag
Caveats
  • Supply blocks, unpowered buildings, or Contaminate may cause inaccurate times.
  • Supply counts are checked every 10 seconds.